 Dungeon Crawl Stone Soup version 0.22.1-2-g9c5b331 (webtiles) character file.

62 Toshki the Magician (level 3, 0/16 HPs)
             Began as a Spriggan Venom Mage on Dec 16, 2018.
             Killed from afar by Natasha (8 damage)
             ... with a magic dart
             ... on level 2 of the Dungeon.
             The game lasted 00:06:29 (2196 turns).

Toshki the Magician (Spriggan Venom Mage)           Turns: 2196, Time: 00:06:30

Health: 0/16       AC:  2    Str:  4    XL:     3   Next: 85%
Magic:  9/9        EV: 18    Int: 17    God:
Gold:   61         SH:  0    Dex: 16    Spells: 9/10 levels left

rFire    . . .     SeeInvis +   (weapon restricted)
rCold    . . .     Gourm    .   (shield restricted)
rNeg     . . .     Faith    .   a - +0 robe
rPois    .         Spirit   .   (helmet restricted)
rElec    .         Reflect  .   (no cloak)
rCorr    .         Harm     .   (gloves unavailable)
MR       .....                  (boots unavailable)
Stlth    ++........             (no amulet)
HPRegen  0.05/turn              (no ring)
MPRegen  0.11/turn              (no ring)

@: berserk cooldown, slowed, quick
A: very small, unfitting armour, see invisible, herbivore, speed 3, slow
metabolism 2
a: no special abilities


You were on level 2 of the Dungeon.
You were not hungry.

You visited 1 branch of the dungeon, and saw 2 of its levels.

You collected 61 gold pieces.

Inventory:

Armour
 a - a +0 robe (worn)
Scrolls
 b - 3 scrolls of teleportation {unknown}
 d - a scroll of blinking {unknown}
 e - 2 scrolls of remove curse {unknown}
Potions
 f - a potion of might {unknown}
 g - a potion of berserk rage
Comestibles
 c - 4 rations


   Skills:
 + Level 0.1 Fighting
 - Level 3.0 Dodging
 - Level 3.0 Stealth
 * Level 4.3 Spellcasting
 - Level 0.6 Conjurations
 + Level 3.8 Poison Magic


You had 9 spell levels left.
You knew the following spells:

 Your Spells              Type           Power        Failure   Level  Hunger
a - Sting                 Conj/Pois      ##..         6%          1    None

Your spell library contained the following spells:

 Spells                   Type           Power        Failure   Level  Hunger
 Poisonous Vapours        Pois/Air       ##....       11%         2    ##.....
 Mephitic Cloud           Conj/Pois/Air  #.......     26%         3    ###....
 Olgreb's Toxic Radiance  Pois           ###.....     30%         4    ####...
 Venom Bolt               Conj/Pois      ##........   86%         5    ######.


Dungeon Overview and Level Annotations

Branches:
Dungeon (2/15)

Altars:
Makhleb

Annotations:
D:2 Natasha


Innate Abilities, Weirdness & Mutations

You are very small and have problems with some larger weapons.
You are too small for most types of armour.
You have supernaturally acute eyesight. (SInv)
You are a herbivore.
You cover ground extremely quickly.
You need to consume almost no food.


Message History

Confirm with . or Enter, or press ? or * to list all spells.
You don't know that spell.
It was a potion of berserk rage.
A red film seems to cover your vision as you go berserk!
You feel yourself moving faster!
You feel mighty!
You feel a strong urge to attack something.
You feel your anger nearly subside.
You are no longer berserk.
You are exhausted.
You feel yourself slow down. Natasha casts a spell at you.
The magic dart hits you!
Natasha casts a spell.
The iron imp disappears in a puff of smoke!
The crimson imp blinks!
Natasha casts a spell.
The crimson imp blinks!
Natasha casts a spell at you. The magic dart hits you!
Ouch! That really hurt!
You die...

# #.# #........####.....##.......
###.#........##...##...##........
.##.###.######.....#####.........
.##.................#.##.........
....................'.###.......#
h.##....#####.......### #.#####.#
..##.#........#'##### #.# #.#
...#.##.#######.#########.#####.#
............h...@...............#
.....##.##...5#.#########.#######
..#..##..).§....# #........
..#..##.##....### #########
..'..##.##..§.# ..##.##.##....#
####.##.##5...#
#.##.##....###########
#..#.##..............#


You could see Natasha, a crimson imp and a white imp.

Vanquished Creatures
  3 adders (D:2)
  2 dart slugs
  2 leopard geckos (D:1)
  A ball python (D:1)
  4 hobgoblins
  3 jackals (D:1)
  4 kobolds
  2 quokkas (D:2)
  3 bats
  2 frilled lizards (D:1)
  2 rats
28 creatures vanquished.

Notes
Turn   | Place    | Note
-------+----------+-------------------------------------------
     0 | D:1      | Toshki the Spriggan Venom Mage began the quest for the Orb.
     0 | D:1      | Reached XP level 1. HP: 9/9 MP: 5/5
   108 | D:1      | Reached skill level 3 in Spellcasting
   273 | D:1      | Reached XP level 2. HP: 13/13 MP: 1/7
   949 | D:2      | Reached XP level 3. HP: 16/16 MP: 6/9
  1353 | D:2      | Reached skill level 4 in Spellcasting
  1913 | D:2      | Found a burning altar of Makhleb.
  2165 | D:2      | Noticed Natasha
  2196 | D:2      | Killed from afar by Natasha

Skill      XL: |  1  2  3 |
---------------+----------+-----
Spellcasting   | 3 4 |  4.3
Fighting       | |  0.1
Dodging        | |  3.0
Stealth        | |  3.0
Conjurations   | |  0.6
Poison Magic   | |  3.8

Action                   || total
-------------------------++-------
Melee: Unarmed           ||    28
 Cast: Sting             ||    58
  Use: Potion            ||     2
 Stab: Sleeping          ||     1
Armor: Robe              ||     9
Dodge: Dodged            ||    74
